 Dungeon Crawl Stone Soup version 0.31-a0-986-g5e6e4ef867 (webtiles) character file.

Game seed: 258946146196276857

260 Bradai the Slasher (level 5, -1/42 HPs)
             Began as a Demonspawn Berserker on Nov 20, 2023.
             Was a Believer of Trog.
             Slain by a sky beast (6 damage)
             ... on level 3 of the Dungeon.
             The game lasted 00:05:05 (1781 turns).

Bradai the Slasher (Demonspawn Berserker)           Turns: 1781, Time: 00:05:06

Health: -1/42      AC:  7    Str: 25    XL:     5   Next: 95%
Magic:  5/5        EV: 12    Int:  9    God:    Trog [**....]
Gold:   48         SH:  0    Dex: 12    Spells: 4/4 levels left

rFire   . . .        a - +0 falchion
rCold   . . .        (no shield)
rNeg    + . .        c - +0 robe {rN+}
rPois   .            (helmet restricted)
rElec   .            i - +0 cloak
rCorr   .            (no gloves)
SInv    .            (no boots)
Will    .....        (no amulet)
Stlth   ++           f - +4 ring of protection
HPRegen 0.27/turn    k - +6 ring of strength
MPRegen 0.09/turn

%: no passive effects
@: on berserk cooldown, slowed, very slow
A: antennae 1, ignite blood 2
a: Renounce Religion, Berserk, Trog's Hand


You were on level 3 of the Dungeon.
You worshipped Trog.
Trog was pleased with you.
You visited 1 branch of the dungeon, and saw 3 of its levels.

You collected 48 gold pieces.

Inventory:

Hand Weapons
 a - a +0 falchion (weapon)
Missiles
 l - 6 darts of dispersal
Armour
 c - a +0 robe of positive energy (worn)
 i - a +0 cloak (worn)
Jewellery
 f - a +4 ring of protection (left hand)
 h - an amulet of magic regeneration
 k - a +6 ring of strength (right hand)
Scrolls
 g - a scroll of teleportation {unknown}
Potions
 b - a potion of mutation {unknown}
 d - a potion of curing {unknown}
 e - a potion of might {unknown}
 j - a potion of brilliance {unknown}


   Skills:
 + Level 4.0 Fighting
 + Level 5.0 Long Blades
 + Level 1.8 Armour
 + Level 2.3 Dodging
 + Level 1.4 Stealth


You had 4 spell levels left.
You didn't know any spells.
Your spell library was empty.

Dungeon Overview and Level Annotations

Branches:
Dungeon (3/15)

Altars:


Innate Abilities, Weirdness & Mutations

You have a pair of small antennae on your head.
Your demonic aura often causes spilled blood to erupt in flames.


Message History

The sky beast hits you but does no damage.
You hit the sky beast.
The sky beast is heavily wounded.
A goblin comes into view. It is wielding a +0 dagger.
The sky beast closely misses you.
The goblin shouts!
You slash the sky beast!
The sky beast is severely wounded.
You are no longer berserk.
You are exhausted.
You feel yourself slow down.
You hit the sky beast.
The sky beast is almost dead.
The sky beast completely misses you. The sky beast hits you.
The sky beast shocks you.
You miss the sky beast.
The sky beast is almost dead.
The sky beast hits you but does no damage.
You hit the sky beast.
The sky beast is almost dead.
The sky beast closely misses you. The goblin closely misses you.
The sky beast hits you. The sky beast shocks you.
You barely miss the sky beast.
The sky beast is almost dead.
The goblin hits you with a +0 dagger.
The sky beast hits you but does no damage.
The goblin closely misses you.
The sky beast flickers out of sight!
Deactivating autopickup; reactivate with Ctrl-A.
Something hits you but does no damage.
You closely miss something. Something hits you but does no damage.
The goblin closely misses you.
You miss something. The goblin hits you with a +0 dagger. Something hits you.
Something shocks you.
* * * LOW HITPOINT WARNING * * *
The goblin hits you but does no damage. Something hits you but does no damage.
You closely miss something. The goblin completely misses you.
Something hits you.
* * * LOW HITPOINT WARNING * * *
Something shocks you.
You die...

.######.#####
............#
.#......###.#
..........#
........#.#
....#...#.#
....#.###.#
....>. #)#
...... #@#
.......g{#,
..........
..........
..........#
..........#
..........#
..........#


You could see a goblin.

Vanquished Creatures
  Sigmund (D:2)
  Ijyb (D:3)
  Terence (D:2)
  Robin (D:3)
  A worm (D:2)
  3 bats
  4 endoplasms (D:1)
  A giant cockroach (D:1)
  5 hobgoblins
  3 jackals (D:1)
  2 kobolds (D:2)
  2 quokkas (D:1)
  2 ball pythons
  A frilled lizard (D:2)
  6 goblins
  6 rats
40 creatures vanquished.

Notes
Turn   | Place    | Note
-------+----------+-------------------------------------------
     0 | D:1      | Bradai the Demonspawn Berserker began the quest for the
                  | Orb.
     0 | D:1      | Reached XP level 1. HP: 18/18 MP: 1/1
    84 | D:1      | Gained mutation: Your demonic aura sometimes causes spilled
                  | blood to erupt in flames. [demonic ancestry]
    84 | D:1      | Reached XP level 2. HP: 24/24 MP: 2/2
    99 | D:1      | Reached skill level 3 in Long Blades
  1156 | D:2      | Noticed Sigmund
  1185 | D:2      | Killed Sigmund
  1186 | D:2      | Reached skill level 4 in Long Blades
  1186 | D:2      | Reached skill level 1 in Stealth
  1186 | D:2      | Gained mutation: You have a pair of small antennae on your
                  | head. [demonic ancestry]
  1186 | D:2      | Reached XP level 3. HP: 30/30 MP: 3/3
  1186 | D:2      | Reached XP level 4. HP: 37/37 MP: 4/4
  1186 | D:2      | Gained mutation: Your demonic aura often causes spilled
                  | blood to erupt in flames. [demonic ancestry]
  1186 | D:2      | Reached XP level 5. HP: 42/42 MP: 5/5
  1239 | D:2      | Reached ** piety under Trog
  1456 | D:2      | Noticed Terence
  1464 | D:2      | Killed Terence
  1596 | D:2      | Found a faded altar of an unknown god.
  1744 | D:3      | Noticed Robin
  1745 | D:3      | Noticed Ijyb
  1754 | D:3      | Killed Robin
  1758 | D:3      | Noticed a sky beast
  1763 | D:3      | Killed Ijyb
  1764 | D:3      | Reached skill level 5 in Long Blades
  1781 | D:3      | Slain by a sky beast

Illustrated notes

Levels and vault maps discovered:
D:1:      mainiacjoe_arrival_reflecting_pool, layout_basic,
          dreamdust_princess_corridor
D:2:      layout_rooms, shapermc_ecumenical_altar_mp_vishouse, uniq_terence,
          uniq_sigmund
D:3:      layout_basic, minmay_tree_intersection, nicolae_goblin_pals

Skill      XL: |  1  2  3  4  5 |
---------------+----------------+-----
Long Blades    | 4 5 |  5.0
Dodging        | 2 |  2.3
Stealth        | 1 |  1.4
Fighting       | 4 |  4.0
Armour         | |  1.8

Action                     |  1- 3 |  4- 6 || total
---------------------------+-------+-------++-------
  Melee: Falchion          |    76 |    58 ||   134
         Punch             |     1 |     1 ||     2
 Invoke: Berserk           |     1 |     2 ||     3
    Use: Scroll            |     2 |       ||     2
   Stab: Sleeping          |     3 |       ||     3
 Armour: Animal skin       |    43 |     1 ||    44
         Robe              |       |    25 ||    25
  Dodge: Dodged            |    50 |    25 ||    75

Table legend: (Time is in decaauts)
 A = Elapsed time spent in this place.
 B = Non-inter-level travel time spent in this place.
 C = Inter-level travel time spent in this place.
 D = Time resting spent in this place.
 E = Time spent auto-exploring this place.
 F = Levels seen in this place.
 G = Mean time per level.
                   A        B        C        D        E       F      G
               +--------+--------+--------+--------+--------+-----+--------+
         Total |   1811 |   1736 |     75 |     16 |   1393 |   3 |  603.7 |
       Dungeon |   1811 |   1736 |     75 |     16 |   1393 |   3 |  603.7 |
               +--------+--------+--------+--------+--------+-----+--------+

Top non-repeatable levels by time:
     D:1: 1162 daAuts
     D:2: 582 daAuts
     D:3: 67 daAuts
